AoeStats
← tw07960626

Arabian Desert

509011117Analyzed
1v1 RM · 6d ago on Sep 25, 2026· 22m 51s· 2 players
Game mode
Random Map
Map size
Tiny (2 player)
Population
200
Speed
Normal
Resources
Standard
Victory
Conquest
Starting age
Dark Age
Ending age
Imperial Age
RankedLock teamsTeams togetherTeam positionsShared explorationLock speedFull tech treeHidden civsTurbo modeCheats
Victory
Defeat
🇺🇸 Franks · United States
840
+16
🇹🇼 Danes · Taiwan
835
-16
tw07960626
10:13 Feudal Age
10:24 Man-at-Arms
10:53 Arson
19:05 Loom
22:47 Castle Age
22:44 Wheelbarrow
TheMonkNextDoor
8:48 Loom
11:38 Feudal Age
18:59 Castle Age
Connection lost

Rejoining the realm…

Still unreachable

The connection could not be restored.

Session expired

The server has moved on; the page needs a fresh start.